3AAA
PAWNEE PARKSNREC @ SIOUX FALLS RED PANDAS
08/14/2021
 
TOP OF THE 1ST
Pawnee ParksNRec batting - Pitching for Sioux Falls Red Pandas : RHP Doug Green
Pitching: RHP Doug Green
Batting: RHB Mark Allen 0-0: Ball
1-0: Bunted foul
1-1: Ball
2-1: Ball
3-1: Swinging Strike
3-2: Fly out, F8 (Flyball, 8RM)
Batting: RHB Miguel Silva 0-0: Called Strike
0-1: Ball
1-1: Ball
2-1: Foul Ball, location: 2F
2-2: Strikes out swinging
Batting: RHB Eldon McGillivour 0-0: Ball
1-0: Ball
2-0: Ground out 4-3 (Groundball, 4)
Top of the 1st over - 0 run(s), 0 hit(s), 0 error(s), 0 left on base; Pawnee 0 - Sioux Falls 0
BOTTOM OF THE 1ST
Sioux Falls Red Pandas batting - Pitching for Pawnee ParksNRec : RHP Albert Castillo
Pitching: RHP Albert Castillo
Batting: RHB Rubén Marino 0-0: Fly out, F9 (Popup, 34D)
Batting: RHB Domenic Gallard 0-0: Ball
1-0: Swinging Strike
1-1: Foul Ball, location: 2F
1-2: Foul Ball, location: 2F
1-2: Ball
2-2: Hit by Pitch
Batting: RHB Jean Chamissa 0-0: Called Strike
0-1: Foul Ball, location: 2F
0-2: Ball
1-2: Grounds into double play, 6-4-3 (Groundball, 6M)
Bottom of the 1st over - 0 run(s), 0 hit(s), 0 error(s), 0 left on base; Pawnee 0 - Sioux Falls 0
TOP OF THE 2ND
Pawnee ParksNRec batting - Pitching for Sioux Falls Red Pandas : RHP Doug Green
Batting: LHB Jim Unknown 0-0: Called Strike
0-1: Ball
1-1: Ground out 3-1 (Groundball, 34S)
Batting: RHB Roberto Maestas 0-0: Called Strike
0-1: Ball
1-1: Ball
2-1: Foul Ball, location: 2F
2-2: Ball
3-2: Strikes out swinging
Batting: RHB Justin Saginov 0-0: Called Strike
0-1: Foul Ball, location: 2F
0-2: Ball
1-2: Foul Ball, location: 2F
1-2: DOUBLE (Line Drive, 78M)
Batting: RHB Mo Zhou 0-0: Foul Ball, location: 2F
0-1: Called Strike
0-2: Foul Ball, location: 2F
0-2: Ball
1-2: SINGLE (Line Drive, 89S)
Justin Saginov to third
Runner from 3rd tries for Home, SAFE, no throw or cutoff
Batting: SHB Félix Cruz 0-0: Ball
1-0: Ball
2-0: Ground out U3 (Groundball, 3S)
Top of the 2nd over - 1 run(s), 2 hit(s), 0 error(s), 1 left on base; Pawnee 1 - Sioux Falls 0
BOTTOM OF THE 2ND
Sioux Falls Red Pandas batting - Pitching for Pawnee ParksNRec : RHP Albert Castillo
Batting: SHB Dan Hunt 0-0: Ball
1-0: Ball
2-0: Called Strike
2-1: Ball
3-1: SINGLE (Flyball, 9S)
Batting: LHB Markus Richardson 0-0: Ball
1-0: Swinging Strike
1-1: Called Strike
1-2: Foul Ball, location: 2F
1-2: Foul Ball, location: 2F
1-2: Ball
2-2: Ball
3-2: Base on Balls
Dan Hunt to second
Batting: RHB John Moore 0-0: Called Strike
0-1: Foul Ball, location: 2F
0-2: DOUBLE (Flyball, 89M)
Dan Hunt scores
Markus Richardson to third
Batting: RHB Randy Tucker 0-0: Ball
1-0: Ball
2-0: Ball
3-0: Called Strike
3-1: Ground out 5-3 (Groundball, 5L)
Batting: LHB Sam Good 0-0: Ball
1-0: Ball
2-0: Ball
3-0: Called Strike
3-1: Base on Balls
Batting: LHB Thomas Campbell 0-0: Ball
1-0: Ball
2-0: Fielders Choice at 2nd, 6-4 (Groundball, 6M)
Markus Richardson scores
John Moore to third
Batting: RHB Rubén Marino 0-0: Called Strike
0-1: Called Strike
0-2: Ball
1-2: Strikes out swinging
Bottom of the 2nd over - 2 run(s), 2 hit(s), 0 error(s), 2 left on base; Pawnee 1 - Sioux Falls 2
TOP OF THE 3RD
Pawnee ParksNRec batting - Pitching for Sioux Falls Red Pandas : RHP Doug Green
Batting: RHB Dale Blair 0-0: Ball
1-0: Called Strike
1-1: Fly out, F2 (Popup, 2LF)
Batting: RHB Mark Allen 0-0: Bunt for hit - play at first, batter OUT! 3-4
Batting: RHB Miguel Silva 0-0: Foul Ball, location: 2F
0-1: Ball
1-1: Swinging Strike
1-2: Foul Ball, location: 2F
1-2: Ball
2-2: Hit by Pitch
Batting: RHB Eldon McGillivour 0-0: Ball
1-0: Ball
2-0: Called Strike
2-1: Ball
3-1: Base on Balls
Miguel Silva to second
Batting: LHB Jim Unknown 0-0: Ball
1-0: Ball
2-0: Ball
3-0: Called Strike
3-1: SINGLE (Line Drive, 34)
Miguel Silva to third
Eldon McGillivour to second
Runner from 3rd tries for Home, SAFE, no throw or cutoff
Batting: RHB Roberto Maestas 0-0: Called Strike
0-1: Ball
1-1: Ball
2-1: Foul Ball, location: 2F
2-2: Fly out, F5 (Popup, 5F)
Top of the 3rd over - 1 run(s), 1 hit(s), 0 error(s), 2 left on base; Pawnee 2 - Sioux Falls 2
BOTTOM OF THE 3RD
Sioux Falls Red Pandas batting - Pitching for Pawnee ParksNRec : RHP Albert Castillo
Batting: RHB Domenic Gallard 0-0: Called Strike
0-1: Ball
1-1: Ball
2-1: Ball
3-1: Called Strike
3-2: Foul Ball, location: 2F
3-2: SINGLE (Line Drive, 6M)
Batting: RHB Jean Chamissa 0-0: Ball
1-0: Called Strike
1-1: Called Strike
1-2: Strikes out looking
Batting: SHB Dan Hunt 0-0: Called Strike
0-1: Ball
1-1: Foul Ball, location: 2F
1-2: Strikes out looking
Batting: LHB Markus Richardson 0-0: Called Strike
0-1: Foul Ball, location: 2F
0-2: Ground out 5-3 (Groundball, 5L)
Bottom of the 3rd over - 0 run(s), 1 hit(s), 0 error(s), 1 left on base; Pawnee 2 - Sioux Falls 2
TOP OF THE 4TH
Pawnee ParksNRec batting - Pitching for Sioux Falls Red Pandas : RHP Doug Green
Batting: RHB Justin Saginov 0-0: Called Strike
0-1: Ball
1-1: Foul Ball, location: 2F
1-2: Foul Ball, location: 2F
1-2: Ball
2-2: Strikes out swinging
Batting: RHB Mo Zhou 0-0: Swinging Strike
0-1: Ball
1-1: Hit by Pitch
Batting: SHB Félix Cruz 0-0: Foul Ball, location: 2F
0-1: Foul Ball, location: 2F
0-2: Strikes out swinging
Batting: RHB Dale Blair 0-0: Ball
Mo Zhou steals 2nd base
1-0: Fly out, F8 (Flyball, 8RM)
Top of the 4th over - 0 run(s), 0 hit(s), 0 error(s), 1 left on base; Pawnee 2 - Sioux Falls 2
BOTTOM OF THE 4TH
Sioux Falls Red Pandas batting - Pitching for Pawnee ParksNRec : RHP Albert Castillo
Batting: RHB John Moore 0-0: Ball
1-0: Called Strike
1-1: Ball
2-1: Ball
3-1: Foul Ball, location: 2F
3-2: Fly out, F9 (Flyball, 89M)
Batting: RHB Randy Tucker 0-0: Ball
1-0: Called Strike
1-1: Ground out 6-3 (Groundball, 6M)
Batting: LHB Sam Good 0-0: Ball
1-0: SINGLE (Flyball, 7S)
Batting: LHB Thomas Campbell 0-0: Ball
Sam Good is caught stealing 2nd base
Bottom of the 4th over - 0 run(s), 1 hit(s), 0 error(s), 0 left on base; Pawnee 2 - Sioux Falls 2
TOP OF THE 5TH
Pawnee ParksNRec batting - Pitching for Sioux Falls Red Pandas : RHP Doug Green
Batting: RHB Mark Allen 0-0: Ball
1-0: Ball
2-0: Ground out 4-3 (Groundball, 34)
Batting: RHB Miguel Silva 0-0: Foul Ball, location: 2F
0-1: Ground out 5-3 (Groundball, 56)
Batting: RHB Eldon McGillivour 0-0: Ball
1-0: Ball
2-0: Called Strike
2-1: Called Strike
2-2: Strikes out swinging
Top of the 5th over - 0 run(s), 0 hit(s), 0 error(s), 0 left on base; Pawnee 2 - Sioux Falls 2
BOTTOM OF THE 5TH
Sioux Falls Red Pandas batting - Pitching for Pawnee ParksNRec : RHP Albert Castillo
Batting: LHB Thomas Campbell 0-0: Foul Ball, location: 2F
0-1: Ball
1-1: Called Strike
1-2: Strikes out looking
Batting: RHB Rubén Marino 0-0: Called Strike
0-1: Ball
1-1: Foul Ball, location: 2F
1-2: Ground out 4-3 (Groundball, 4)
Batting: RHB Domenic Gallard 0-0: Called Strike
0-1: Called Strike
0-2: Ground out 4-3 (Groundball, 4M)
Bottom of the 5th over - 0 run(s), 0 hit(s), 0 error(s), 0 left on base; Pawnee 2 - Sioux Falls 2
TOP OF THE 6TH
Pawnee ParksNRec batting - Pitching for Sioux Falls Red Pandas : RHP Doug Green
Pitching: LHP José Hernández
Batting: LHB Jim Unknown 0-0: Foul Ball, location: 2F
0-1: Called Strike
0-2: Strikes out looking
Batting: RHB Roberto Maestas 0-0: Ball
1-0: Swinging Strike
1-1: Fly out, F1 (Line Drive, 15)
Batting: RHB Justin Saginov 0-0: Hit by Pitch
Batting: RHB Mo Zhou 0-0: Called Strike
0-1: Ball
1-1: Ball
2-1: Ground out 5-3 (Groundball, 5S)
Top of the 6th over - 0 run(s), 0 hit(s), 0 error(s), 1 left on base; Pawnee 2 - Sioux Falls 2
BOTTOM OF THE 6TH
Sioux Falls Red Pandas batting - Pitching for Pawnee ParksNRec : RHP Albert Castillo
Batting: RHB Jean Chamissa 0-0: Called Strike
0-1: Called Strike
0-2: Strikes out swinging
Batting: SHB Dan Hunt 0-0: Foul Ball, location: 2F
0-1: Ball
1-1: Ball
2-1: Called Strike
2-2: Foul Ball, location: 2F
2-2: Foul Ball, location: 2F
2-2: Ball
3-2: Foul Ball, location: 2F
3-2: SINGLE (Flyball, 9LS)
Batting: LHB Markus Richardson 0-0: Swinging Strike
0-1: Ball
1-1: Swinging Strike
1-2: Strikes out swinging
Batting: RHB John Moore 0-0: Called Strike
0-1: Foul Ball, location: 2F
0-2: Strikes out swinging
Bottom of the 6th over - 0 run(s), 1 hit(s), 0 error(s), 1 left on base; Pawnee 2 - Sioux Falls 2
TOP OF THE 7TH
Pawnee ParksNRec batting - Pitching for Sioux Falls Red Pandas : LHP José Hernández
Batting: SHB Félix Cruz 0-0: Ball
1-0: Ground out 5-3 (Groundball, 5L)
Batting: RHB Dale Blair 0-0: Swinging Strike
0-1: Ground out 4-3 (Groundball, 4M)
Batting: RHB Mark Allen 0-0: Called Strike
0-1: Called Strike
0-2: Ball
1-2: Ball
2-2: Foul Ball, location: 2F
2-2: Strikes out swinging
Top of the 7th over - 0 run(s), 0 hit(s), 0 error(s), 0 left on base; Pawnee 2 - Sioux Falls 2
BOTTOM OF THE 7TH
Sioux Falls Red Pandas batting - Pitching for Pawnee ParksNRec : RHP Albert Castillo
Batting: RHB Randy Tucker 0-0: Ball
1-0: Called Strike
1-1: Foul Ball, location: 2F
1-2: DOUBLE (Line Drive, 89M)
Batting: LHB Sam Good 0-0: Called Strike
0-1: Foul Ball, location: 2F
0-2: Ball
1-2: Ground out 5-3 (Groundball, 56)
Batting: LHB Thomas Campbell 0-0: Intentional Walk
Pitching: RHP Jim Unknown
Batting: RHB Rubén Marino 0-0: Foul Ball, location: 2F
0-1: Fly out, F4 (Popup, 4M)
Batting: RHB Domenic Gallard 0-0: Called Strike
0-1: Ball
1-1: SINGLE (Groundball, 13) (infield hit)
Randy Tucker to third
Thomas Campbell to second
Batting: RHB Jean Chamissa 0-0: Called Strike
0-1: Swinging Strike
0-2: Fielders Choice at 2nd, U6 (Groundball, 6M)
Bottom of the 7th over - 0 run(s), 2 hit(s), 0 error(s), 3 left on base; Pawnee 2 - Sioux Falls 2
TOP OF THE 8TH
Pawnee ParksNRec batting - Pitching for Sioux Falls Red Pandas : LHP José Hernández
Batting: RHB Miguel Silva 0-0: Foul Ball, location: 2F
0-1: Ball
1-1: Ball
2-1: Ball
3-1: Foul Ball, location: 2F
3-2: Base on Balls
Pinch Runner at 1st José Cruz:
Batting: RHB Eldon McGillivour 0-0: Ball
Pickoff Throw to First - Out!
1-0: Ball
2-0: Called Strike
2-1: Foul Ball, location: 2F
2-2: Fly out, F9 (Flyball, 89M)
Pitching: RHP Stephen Dowell
Pinch Hitting: LHB Ernesto Sánchez 0-0: Ball
1-0: Swinging Strike
1-1: Ball
2-1: Ball
3-1: Base on Balls
Batting: RHB Roberto Maestas 0-0: Called Strike
0-1: SINGLE (Line Drive, 8RS)
Ernesto Sánchez to second
Batting: RHB Justin Saginov 0-0: Called Strike
0-1: Foul Ball, location: 2F
0-2: Ball
1-2: Ball
2-2: Foul Ball, location: 2F
2-2: Strikes out swinging
Top of the 8th over - 0 run(s), 1 hit(s), 0 error(s), 2 left on base; Pawnee 2 - Sioux Falls 2
BOTTOM OF THE 8TH
Sioux Falls Red Pandas batting - Pitching for Pawnee ParksNRec : RHP Jim Unknown
Now in RF: Ernesto Sánchez
Batting: SHB Dan Hunt 0-0: Ball
1-0: Ball
2-0: Ball
3-0: Called Strike
3-1: Swinging Strike
3-2: Base on Balls
Batting: LHB Markus Richardson 0-0: Ball
1-0: Ball
2-0: Foul Ball, location: 2F
2-1: Ball
3-1: Base on Balls
Dan Hunt to second
Batting: RHB John Moore 0-0: Ball
1-0: Foul Ball, location: 2F
1-1: Ball
2-1: Fly out, F8 (Flyball, 8RM)
Batting: RHB Randy Tucker 0-0: Ball
Wild Pitch!
Dan Hunt to third
Markus Richardson to second
1-0: Ball
2-0: Called Strike
2-1: SINGLE (Line Drive, 6D)
Dan Hunt scores
Markus Richardson to third
Batting: LHB Sam Good 0-0: Ball
1-0: Ball
2-0: Swinging Strike
2-1: Ball
3-1: Base on Balls
Randy Tucker to second
Batting: LHB Thomas Campbell 0-0: SINGLE (Line Drive, 6MD)
Markus Richardson scores
Randy Tucker to third
Sam Good to second
Runner from 3rd tries for Home, SAFE, no throw or cutoff
Pitching: RHP Jim Unknown
Batting: RHB Rubén Marino 0-0: Called Strike
0-1: Grounds into double play, 6-4-3 (Groundball, 6)
Bottom of the 8th over - 3 run(s), 2 hit(s), 0 error(s), 1 left on base; Pawnee 2 - Sioux Falls 5
TOP OF THE 9TH
Pawnee ParksNRec batting - Pitching for Sioux Falls Red Pandas : RHP Stephen Dowell
Pitching: RHP Jim Unknown
Batting: RHB Mo Zhou 0-0: Foul Ball, location: 2F
0-1: Swinging Strike
0-2: Foul Ball, location: 2F
0-2: Foul Ball, location: 2F
0-2: Strikes out swinging
Batting: SHB Félix Cruz 0-0: Ball
1-0: Fly out, F7 (Flyball, 7M)
Batting: RHB Dale Blair 0-0: Ground out 6-3 (Groundball, 56)
Top of the 9th over - 0 run(s), 0 hit(s), 0 error(s), 0 left on base; Pawnee 2 - Sioux Falls 5
This league is powered by Out of the Park Baseball, the baseball management simulation game for PC, Mac and Linux
Friday, January 22nd, 2016 - OOTP Baseball 16.9 Build 39